 Dungeon Crawl Stone Soup version 0.29.1-2-gbd0b4ee654 (webtiles) character file.

Game seed: 2550882434559709739

16 zeram the Firebug (level 2, -3/17 HPs)
             Began as an Octopode Fire Elementalist on Oct 28, 2022.
             Slain by a gnoll
             ... wielding a +0 spear
              (11 damage)
             ... on level 2 of the Dungeon.
             The game lasted 00:02:01 (1325 turns).

zeram the Firebug (Octopode Fire Elementalist)      Turns: 1325, Time: 00:02:02

Health: -3/17      AC:  1    Str:  7    XL:     2   Next: 58%
Magic:  3/5        EV: 13    Int: 17    God:
Gold:   103        SH:  0    Dex: 12    Spells: 4/5 levels left

rFire   . . .      SeeInvis .   f - +0 dagger
rCold   . . .      Faith    .   (no shield)
rNeg    . . .      Spirit   .   (helmet restricted)
rPois   .          Reflect  .   (no amulet)
rElec   .          Harm     .   (no ring)
rCorr   .          Rampage  .   (no ring)
Will    .....                   (no ring)
Stlth   +++.......              (no ring)
HPRegen 0.05/turn               (no ring)
MPRegen 0.09/turn               (no ring)
                                (no ring)
                                (no ring)

@: no status effects
A: almost no armour, amphibious, 8 rings, camouflage 1, gelatinous body 1,
(nimble swimmer 1), tentacles
a: no special abilities


You were on level 2 of the Dungeon.
You visited 1 branch of the dungeon, and saw 2 of its levels.

You collected 103 gold pieces.

Inventory:

Hand Weapons
 f - a +0 dagger (weapon)
Scrolls
 e - a scroll of teleportation
 i - a scroll of enchant armour
Potions
 a - 2 potions of magic
 b - a potion of attraction {unknown}
 c - 2 potions of curing
 g - a potion of degeneration {unknown}


   Skills:
 + Level 2.2 Dodging
 - Level 2.6 Stealth
 + Level 2.2 Spellcasting
 + Level 1.0 Conjurations
 + Level 3.4 Fire Magic


You had 4 spell levels left.
You knew the following spells:

 Your Spells              Type           Power      Damage    Failure   Level
a - Foxfire               Conj/Fire      36%        2x1d5     8%          1

Your spell library contained the following spells:

 Spells                   Type           Power      Damage    Failure   Level
 Scorch                   Fire           26%        2d6       7%          2
 Conjure Flame            Conj/Fire      9%         6-21      22%         3
 Inner Flame              Hex/Fire       7%         N/A       28%         3
 Flame Wave               Conj/Fire      9%         2d6       58%         4


Dungeon Overview and Level Annotations

Branches:
Dungeon (2/15)

Altars:


Innate Abilities, Weirdness & Mutations

You cannot wear most types of armour.
You are amphibious.
You can wear up to eight rings at the same time.
Your skin changes colour to match your surroundings (Stealth+).
Your rubbery body absorbs attacks. (AC +1, EV +1)
((You are camouflaged when in or above water. (Stealth+)))
You have tentacles for arms and can constrict up to eight enemies at once.


Message History

Partly explored, can't reach some places.
You see here a +0 helmet.
Partly explored, can't reach some places.
(D) Dungeon
Where to? (? - help)
Your hearing returns.
There is a stone staircase leading down here.
You climb downwards.
There is a stone staircase leading up here.
Found a falchion.
a - 2 potions of magic (gained 1)
Found a short sword.
A gnoll comes into view. It is wielding a +0 spear.
A gnoll is nearby!
A gnoll is nearby!
A gnoll is nearby!
A gnoll is nearby! 2 gnolls come into view.
The helpless gnoll fails to defend itself.
You puncture the gnoll! Your grab misses the gnoll.
The gnoll is severely wounded.
The gnoll hits you with a +0 spear.
You barely miss the gnoll. You grab the gnoll.
The gnoll is severely wounded.
You constrict the gnoll. The gnoll hits you with a +0 spear.
You are too injured to fight recklessly!
You are too injured to fight recklessly!
You release your grip on the gnoll.
The gnoll barely misses you.
Casting: Foxfire (safe; 8% risk of failure)
Confirm with . or Enter, or press ? or * to list all spells.
You conjure some foxfire!
The gnoll closely misses you.
Your foxfire dissipates!
The foxfire hits the gnoll.
The gnoll is almost dead.
Casting: Foxfire (safe; 8% risk of failure)
Confirm with . or Enter, or press ? or * to list all spells.
You conjure some foxfire!
The gnoll hits you from afar with a +0 spear!
Ouch! That really hurt!
You die...

###.........g....
#.......##.#######
#.##...###.#
#.##).##...#####
#.##...........# #
#.###.##...###.#
#.#.# #.###g##
.####.#.###.# #v#
............# #@#
.###.#.#######v#
#...........#
###.#########
#..####..######
..............#
..####.#####.# ..#
#.# #.# ##.# #.#
#.#


You could see a gnoll (ally target).

Vanquished Creatures
  2 dart slugs (D:1)
  A bat (D:1)
  2 goblins (D:1)
  2 quokkas (D:1)
  3 ball pythons (D:1)
  A rat (D:1)
11 creatures vanquished.

Vanquished Creatures (others)
  10 foxfires
10 creatures vanquished.

Grand Total: 21 creatures vanquished

Notes
Turn   | Place    | Note
-------+----------+-------------------------------------------
     0 | D:1      | zeram the Octopode Fire Elementalist began the quest for
                  | the Orb.
     0 | D:1      | Reached XP level 1. HP: 11/11 MP: 3/3
   516 | D:1      | Reached XP level 2. HP: 17/17 MP: 3/5
   910 | D:1      | Found a faded altar of an unknown god.
  1325 | D:2      | Slain by a gnoll

Illustrated notes

Levels and vault maps discovered:
D:1:      lemuel_arrival_broad_hall, layout_basic, shapermc_ecumenical_altar_gd
D:2:      layout_loops_ring, basic_altar

Action                   || total
-------------------------++-------
Melee: Unarmed           ||     7
       Dagger            ||    15
       Constrict         ||     6
       Tentacles         ||     3
 Cast: Foxfire           ||     9
  Use: Scroll            ||     5
 Stab: Sleeping          ||     7
Armor: Skin              ||     3
Dodge: Dodged            ||    11
